 Dungeon Crawl Stone Soup version 0.30-a0-715-gdb4ae3ece1 (webtiles) character file.

Game seed: 11584061074099751349

248 wormed the Slicer (level 6, -3/53 HPs)
             Began as a Gnoll Wanderer on Jan 25, 2023.
             Killed from afar by an orc wizard (6 damage)
             ... with a magic dart
             ... on level 3 of the Dungeon.
             The game lasted 00:02:41 (1577 turns).

wormed the Slicer (Gnoll Wanderer)                  Turns: 1577, Time: 00:02:42

Health: -3/53      AC:  3    Str: 14    XL:     6   Next: 12%
Magic:  8/8        EV: 11    Int: 11    God:
Gold:   54         SH:  0    Dex: 11    Spells: 8/8 levels left

rFire   + . .      SeeInvis .    a - +2 rapier
rCold   + . .      Faith    .    (no shield)
rNeg    . . .      Spirit   .    d - +0 leather armour
rPois   +          Reflect  .    (no helmet)
rElec   +          Harm     .    (no cloak)
rCorr   +          Rampage  .    (no gloves)
Will    .....                    (no boots)
Stlth   +                        (no amulet)
HPRegen 0.28/turn                (no ring)
MPRegen 0.11/turn                (no ring)

@: confused, resistant, attractive
A: fangs 1, strong nose, distributed training
a: no special abilities


You were on level 3 of the Dungeon.
You visited 1 branch of the dungeon, and saw 4 of its levels.

You collected 54 gold pieces.

Inventory:

Hand Weapons
 a - a +2 rapier (weapon)
Armour
 d - a +0 leather armour (worn)
Scrolls
 e - 2 scrolls of noise {unknown}
 f - 2 scrolls of enchant weapon
 g - 2 scrolls of poison {unknown}
 h - a scroll of amnesia {unknown}
 i - a scroll of immolation {unknown}
 l - a scroll of butterflies {unknown}
 m - a scroll of teleportation
 n - 2 scrolls of identify
 o - a scroll of vulnerability {unknown}
 r - a scroll of silence {unknown}
 s - a scroll of torment {unknown}
 t - a scroll of enchant armour {unknown}
 v - a scroll of fear {unknown}
Potions
 b - a potion of curing {unknown}
 j - a potion of might {unknown}
 k - a potion of resistance
 p - a potion of cancellation {unknown}
 q - 2 potions of attraction
 u - a potion of flight {unknown}


   Skills:
 + Level 6.8 Fighting
 + Level 8.7 Short Blades
 + Level 1.9 Long Blades
 + Level 1.9 Axes
 + Level 1.9 Maces & Flails
 + Level 1.9 Polearms
 + Level 3.2 Staves
 + Level 1.9 Ranged Weapons
 + Level 1.9 Throwing
 + Level 4.9 Armour
 + Level 1.9 Dodging
 + Level 1.9 Stealth
 + Level 1.9 Shields
 + Level 1.9 Unarmed Combat
 + Level 1.9 Spellcasting
 + Level 1.5 Conjurations
 + Level 1.5 Hexes
 + Level 1.5 Summonings
 + Level 1.5 Necromancy
 + Level 1.5 Translocations
 + Level 1.5 Transmutations
 + Level 1.5 Fire Magic
 + Level 1.5 Ice Magic
 + Level 1.5 Air Magic
 + Level 1.5 Earth Magic
 + Level 1.5 Poison Magic
 + Level 2.1 Invocations
 + Level 1.9 Evocations


You had 8 spell levels left.
You didn't know any spells.
Your spell library contained the following spells:

 Spells                   Type           Power      Damage    Failure   Level
 Summon Small Mammal      Summ           16%        N/A       21%         1
 Call Canine Familiar     Summ           4%         N/A       52%         3
 Summon Guardian Golem    Hex/Summ       4%         N/A       52%         3


Dungeon Overview and Level Annotations

Branches:
Dungeon (4/15)
 Temple: D:4-7

Altars:

Annotations:
D:4 Grinder


Innate Abilities, Weirdness & Mutations

You have very sharp teeth.
Your uncanny sense of smell can sniff out nearby items.
Your experience applies equally to all skills.


Message History

Grinder gestures at you. Pain shoots through your body!
You hit Grinder but do no damage. You bite Grinder, but do no damage.
The ogre hits you with a +0 giant club!!
Ouch! That really hurt!
* * * LOW HITPOINT WARNING * * *
Grinder hits you.
* * * LOW HITPOINT WARNING * * *
You writhe in agony.
* * * LOW HITPOINT WARNING * * *
It was a potion of attraction.
You feel attractive to monsters.
Grinder says, "FISH!"
Grinder blinks!
Grinder is attracted toward you.
Your surroundings suddenly seem different.
An orc, 2 orc wizards, an ogre and 2 goblins come into view.
Found a scroll labelled EQUSTR NANUVE, a short sword and 22 gold pieces.
Found two stone staircases leading up and two stone staircases leading down.
The orc shouts!
The ogre shouts!
The orc wizard shouts!
The goblin shouts!
The ogre closely misses you. The orc wizard casts a spell at you.
You resist with some effort. The orc wizard is attracted toward you.
The goblin is attracted toward you. x2
Blink to where?
Press: ? - help, Dir - move target
As you read the scroll of blinking, it crumbles to dust.
The orc wizard is attracted toward you. The orc is attracted toward you.
The goblin is attracted toward you. The orc wizard is attracted toward you.
The ogre is attracted toward you. The goblin barely misses you.
The orc wizard points at you and mumbles some strange words.
You are confused.
The goblin is attracted toward you.
You climb upwards.
There is a stone staircase leading down here.
It was a potion of resistance.
You feel protected.
The orc wizard points at you and mumbles some strange words.
The magic dart hits you.
You die...

#########
......o@#
#.#####g#
#.# #.#
..# ###


You could see an orc wizard and a goblin.

Vanquished Creatures
  Sigmund (D:2)
  Jessica (D:2)
  2 adders (D:2)
  2 worms (D:2)
  2 dart slugs
  2 ball pythons (D:2)
  5 endoplasms
  A giant cockroach (D:1)
  4 goblins
  3 hobgoblins
  3 jackals (D:2)
  4 quokkas (D:2)
  6 bats
  A frilled lizard (D:1)
  4 kobolds
  A rat (D:1)
42 creatures vanquished.

Vanquished Creatures (others)
  3 withered plants (D:2)
3 creatures vanquished.

Grand Total: 45 creatures vanquished

Notes
Turn   | Place    | Note
-------+----------+-------------------------------------------
     0 | D:1      | wormed the Gnoll Wanderer began the quest for the Orb.
     0 | D:1      | wormed set off with the following items: a +1 rapier, a +0
                  | quarterstaff, a scroll of blinking, a +0 leather armour.
     0 | D:1      | Reached XP level 1. HP: 23/23 MP: 1/1
   204 | D:1      | Reached XP level 2. HP: 29/29 MP: 2/2
   548 | D:2      | Noticed Jessica
   628 | D:2      | Reached XP level 3. HP: 34/35 MP: 3/3
   655 | D:2      | Killed Jessica
   656 | D:2      | Reached skill level 1 in Long Blades
   656 | D:2      | Reached skill level 1 in Axes
   656 | D:2      | Reached skill level 1 in Maces & Flails
   656 | D:2      | Reached skill level 1 in Polearms
   656 | D:2      | Reached skill level 1 in Ranged Weapons
   656 | D:2      | Reached skill level 1 in Throwing
   656 | D:2      | Reached skill level 1 in Dodging
   656 | D:2      | Reached skill level 1 in Stealth
   656 | D:2      | Reached skill level 1 in Shields
   656 | D:2      | Reached skill level 1 in Unarmed Combat
   656 | D:2      | Reached skill level 1 in Spellcasting
   656 | D:2      | Reached skill level 1 in Invocations
   656 | D:2      | Reached skill level 1 in Evocations
   705 | D:2      | Reached XP level 4. HP: 41/41 MP: 5/5
   953 | D:2      | Reached skill level 1 in Conjurations
   953 | D:2      | Reached skill level 1 in Hexes
   953 | D:2      | Reached skill level 1 in Summonings
   953 | D:2      | Reached skill level 1 in Necromancy
   953 | D:2      | Reached skill level 1 in Translocations
   953 | D:2      | Reached skill level 1 in Transmutations
   953 | D:2      | Reached skill level 1 in Fire Magic
   953 | D:2      | Reached skill level 1 in Ice Magic
   953 | D:2      | Reached skill level 1 in Air Magic
   953 | D:2      | Reached skill level 1 in Earth Magic
   953 | D:2      | Reached skill level 1 in Poison Magic
  1260 | D:2      | Found a faded altar of an unknown god.
  1264 | D:2      | Noticed Sigmund
  1278 | D:2      | Killed Sigmund
  1279 | D:2      | Reached XP level 5. HP: 25/47 MP: 5/7
  1279 | D:2      | Reached XP level 6. HP: 28/53 MP: 5/8
  1512 | D:2      | You fall into a shaft and drop 2 floors!
  1515 | D:4      | Noticed Grinder
  1566 | D:4      | Paralysed by Grinder for 2 turns
  1571 | D:4      | HP: 1/53 [Grinder (5)]
  1577 | D:3      | Killed from afar by an orc wizard

Illustrated notes

Levels and vault maps discovered:
D:1:      amcnicky_arrival_flooded_fountain, layout_basic
D:2:      layout_basic, ebering_ecumenical_altar_petrified,
          minmay_misc_feat_doors, uniq_jessica, uniq_sigmund
D:3:      layout_basic
D:4:      layout_loops_ring, minmay_temple_entry_tees, uniq_grinder

Skill      XL: |  1  2  3  4 |
---------------+-------------+-----
Long Blades    | 1 |  1.9
Axes           | 1 |  1.9
Maces & Flails | 1 |  1.9
Polearms       | 1 |  1.9
Ranged Weapons | 1 |  1.9
Throwing       | 1 |  1.9
Dodging        | 1 |  1.9
Stealth        | 1 |  1.9
Shields        | 1 |  1.9
Unarmed Combat | 1 |  1.9
Spellcasting   | 1 |  1.9
Invocations    | 1 2 |  2.1
Evocations     | 1 |  1.9
Conjurations   | 1 |  1.5
Hexes          | 1 |  1.5
Summonings     | 1 |  1.5
Necromancy     | 1 |  1.5
Translocations | 1 |  1.5
Transmutations | 1 |  1.5
Fire Magic     | 1 |  1.5
Ice Magic      | 1 |  1.5
Air Magic      | 1 |  1.5
Earth Magic    | 1 |  1.5
Poison Magic   | 1 |  1.5
Staves         | 3 |  3.2
Fighting       | |  6.8
Short Blades   | |  8.7
Armour         | |  4.9

Action                     |  1- 3 |  4- 6 || total
---------------------------+-------+-------++-------
  Melee: Rapier            |    38 |    76 ||   114
         Bite              |     1 |    11 ||    12
         Punch             |       |     3 ||     3
    Use: Scroll            |       |     4 ||     4
         Potion            |       |     2 ||     2
   Stab: Sleeping          |     2 |     1 ||     3
 Armour: Leather armour    |     8 |    11 ||    19
  Dodge: Dodged            |    14 |    28 ||    42

Table legend: (Time is in decaauts)
 A = Elapsed time spent in this place.
 B = Non-inter-level travel time spent in this place.
 C = Inter-level travel time spent in this place.
 D = Time resting spent in this place.
 E = Time spent auto-exploring this place.
 F = Levels seen in this place.
 G = Mean time per level.
                   A        B        C        D        E       F      G
               +--------+--------+--------+--------+--------+-----+--------+
         Total |   1549 |   1481 |     68 |      0 |   1172 |   4 |  387.2 |
       Dungeon |   1549 |   1481 |     68 |      0 |   1172 |   4 |  387.2 |
               +--------+--------+--------+--------+--------+-----+--------+

Top non-repeatable levels by time:
     D:2: 877 daAuts
     D:1: 608 daAuts
     D:4: 62 daAuts
     D:3: 0 daAuts
